 Dungeon Crawl Stone Soup version 0.21.1-1-g345015fe64 (webtiles) character file.

597 SacredBeard the Poker (level 7, 0/52 HPs)
             Began as a Human Gladiator on July 23, 2018.
             Succumbed to a water moccasin's poison
             ... on level 4 of the Dungeon.
             The game lasted 00:29:55 (3994 turns).

SacredBeard the Poker (Human Gladiator)             Turns: 3994, Time: 00:29:55

Health: 0/52       AC: 10    Str: 16    XL:     7   Next: 68%
Magic:  16/16      EV: 14    Int:  9    God:
Gold:   181        SH:  0    Dex: 14    Spells: 6/6 levels left

rFire    . . .     SeeInvis .   a - +0 trident
rCold    . . .     Gourm    .   (no shield)
rNeg     + . .     Faith    .   o - +3 leather armour
rPois    .         Spirit   +   c - +0 helmet
rElec    .         Reflect  .   u - scarf {Spirit}
rCorr    .         Harm     .   A - +1 pair of gloves
MR       .....                  q - +0 pair of boots
Stlth    +.........             (no amulet)
HPRegen  0.17/turn              g - ring of magical power
MPRegen  0.15/turn              b - ring of positive energy

@: lethally poisoned (0 -> -15), berserk cooldown, hasted, very quick
A: no striking features
a: no special abilities


You were on level 4 of the Dungeon.
You were not hungry.

You visited 1 branch of the dungeon, and saw 5 of its levels.

You collected 181 gold pieces.

Inventory:

Hand Weapons
 a - a +0 trident (weapon)
Missiles
 d - 3 throwing nets (quivered)
 e - 133 stones
Armour
 c - a +0 helmet (worn)
 o - a +3 leather armour (worn)
 q - a +0 pair of boots (worn)
 u - a scarf of spirit shield (worn)
 A - a +1 pair of gloves (worn)
Jewellery
 b - a ring of positive energy (right hand)
 g - a ring of magical power (left hand)
Wands
 r - a wand of flame (23)
Scrolls
 h - a scroll of magic mapping
 i - 2 scrolls of identify
 l - 2 scrolls of remove curse
 m - a scroll of blinking {unknown}
 n - 3 scrolls of immolation {unknown}
 w - a scroll of random uselessness {unknown}
 x - a scroll of enchant armour {unknown}
 y - a scroll of enchant weapon {unknown}
 D - a scroll of fog {unknown}
Potions
 k - a potion of berserk rage
 s - a potion of haste
 z - a potion of lignification
 B - 2 potions of brilliance {unknown}
Comestibles
 f - 10 rations


   Skills:
 + Level 3.3 Fighting
 + Level 6.0 Polearms
 + Level 2.4 Throwing
 + Level 2.8 Armour
 + Level 4.4 Dodging
 + Level 0.4 Stealth


You had 6 spell levels left.
You didn't know any spells.

Dungeon Overview and Level Annotations

Branches:
Dungeon (5/15)
 Temple: D:4-7

Altars:
Fedhas
The Shining One


Message History

* * * LOW HITPOINT WARNING * * *
You feel sick.
* * * LOW HITPOINT WARNING * * *
You feel sick.
You can move again.
It was a potion of cancellation.
Your magical effects are unravelling.
You feel magically purged.
You feel less wooden.
Your scarf of spirit shield unmelds from your body.
Your +0 helmet unmelds from your body.
Your +1 pair of gloves unmelds from your body.
Your +0 pair of boots unmelds from your body.
Your +3 leather armour unmelds from your body.
You feel spirits watching over you.
You feel yourself speed up.
* * * LOW HITPOINT WARNING * * *
You feel very sick.
It was a potion of haste.
You feel yourself speed up.
You die...

#..................### #.#...
#..................#####...#.
#............................
#............................
#............................
####.....................(...
##..##..........#..........
#...##..........#..........
#..#......@........#.##.###
#.##...!........#.......# #
#######........###...##.###
##......## #.####...#
########...###.# #..###.#.#
##.....#.....##.####......#.#
###................<...####....
##............[..[###....###....
##.....................##........


There were no monsters in sight!

Vanquished Creatures
  The ghost of H0rd4k the Charlatan, an amateur HuAr (D:4)
  A water moccasin (D:4)
  A scorpion (D:4)
  An orc priest (D:4)
  2 orc wizards (D:3)
  A worker ant (D:4)
  Ijyb (D:3)
  A hound skeleton (D:5)
  3 gnolls
  3 adders (D:2)
  An ooze (D:3)
  3 worms (D:2)
  2 dart slugs
  5 leopard geckos
  11 orcs
  9 bats
  3 giant cockroaches
  13 hobgoblins
  10 jackals
  2 quokkas
  A ball python (D:2)
  3 frilled lizards
  5 goblins
  9 kobolds
  6 rats
98 creatures vanquished.

Notes
Turn   | Place    | Note
-------+----------+-------------------------------------------
     0 | D:1      | SacredBeard the Human Gladiator began the quest for the Orb.
     0 | D:1      | Reached XP level 1. HP: 16/16 MP: 1/1
    60 | D:1      | Reached XP level 2. HP: 18/22 MP: 2/2
   363 | D:1      | Reached XP level 3. HP: 26/27 MP: 3/3
   708 | D:2      | Reached XP level 4. HP: 12/33 MP: 4/4
  1647 | D:3      | Reached skill level 4 in Polearms
  1656 | D:3      | Reached XP level 5. HP: 37/39 MP: 5/5
  1959 | D:3      | Noticed Ijyb
  1966 | D:3      | Killed Ijyb
  1966 | D:3      | Reached skill level 1 in Armour
  2354 | D:3      | Reached XP level 6. HP: 18/46 MP: 6/6
  2680 | D:4      | Reached skill level 5 in Polearms
  3246 | D:4      | Noticed H0rd4k's ghost (amateur HuAr)
  3271 | D:4      | Killed H0rd4k's ghost
  3271 | D:4      | Reached XP level 7. HP: 27/52 MP: 7/7
  3473 | D:4      | Found a glowing golden altar of the Shining One.
  3502 | D:4      | Found a blossoming altar of Fedhas.
  3956 | D:5      | Entered Level 5 of the Dungeon
  3956 | D:5      | Noticed a water moccasin
  3987 | D:4      | Killed a water moccasin
  3987 | D:4      | Reached skill level 6 in Polearms
  3993 | D:4      | HP: 1/52 [poisoned by a water moccasin]
  3994 | D:4      | Succumbed to a water moccasin's poison

Skill      XL: |  1  2  3  4  5  6  7 |
---------------+----------------------+-----
Polearms       | 4 5 6 |  6.0
Armour         | 1 2 |  2.8
Dodging        | 4 |  4.4
Fighting       | 3 |  3.3
Throwing       | |  2.4
Stealth        | |  0.4

Action                   |  1- 3 |  4- 6 |  7- 9 || total
-------------------------+-------+-------+-------++-------
Melee: Trident           |   118 |   273 |    51 ||   442
  Use: Potion            |     1 |     4 |     4 ||     9
       Scroll            |       |     4 |       ||     4
  Eat: Chunk             |       |     8 |       ||     8
       Ration            |       |       |     1 ||     1
Armor: Leather armour    |    59 |    78 |    12 ||   149
       Skin              |     1 |    36 |     6 ||    43
Dodge: Dodged            |   126 |   197 |    33 ||   356
